 Dungeon Sprint DCSS version 0.21-a0-584-g185da8e (webtiles) character file.

11340 tsouns the Fencer (level 11, -6/68 HPs)
             Began as a Vine Stalker Berserker on Dec 21, 2017.
             Was the Champion of Trog.
             Mangled by an orc knight
             ... wielding a +2 long sword
              (20 damage)
             ... in the Dungeon (Sprint IX: "|||||||||||||||||||||||||||||").
             The game lasted 00:09:10 (1105 turns).

tsouns the Fencer (Vine Stalker Berserker)          Turns: 1105, Time: 00:09:11

Health: -6/68      AC: 21    Str: 24    XL:     11   Next: 76%
Magic:  0/28       EV: 12    Int:  7    God:    Trog [******]
Gold:   1535       SH:  0    Dex: 13    Spells: 10/10 levels left

rFire    . . .     SeeInvis .   x - +2 great sword (vamp)
rCold    . . .     Gourm    .   (shield currently unavailable)
rNeg     . . .     Faith    .   s - +0 plate armour
rPois    .         Spirit   +   (no helmet)
rElec    .         Reflect  .   c - +0 cloak
rCorr    .         Harm     .   p - +1 pair of gloves
MR       +....     NoTele   +   o - +1 pair of boots
Stlth    ..........             (no amulet)
HPRegen  0.61/turn              r - +2 ring of evasion
MPRegen  0.21/turn              y - ring of magical power

@: no status effects
A: fangs 3, regeneration 1, magic shield, antimagic bite, no potion heal 3, rot
immunity
a: Berserk, Trog's Hand, Brothers in Arms, Burn Spellbooks, Renounce Religion


You were in the Dungeon.
You worshipped Trog.
Trog was exalted by your worship.
You were hungry.

You visited 1 branch You collected 1700 gold pieces.
You spent 165 gold pieces at shops.

Inventory:

Hand Weapons
 n - a +4 scimitar of holy wrath
 w - a +6 longbow
 x - a +2 vampiric great sword (weapon)
 A - a +3 triple sword of electrocution
 B - a +4 antimagic demon blade
 C - a +2 antimagic great sword
 E - a +5 triple sword of slicing
Missiles
 b - 2 curare-tipped needles
 u - 17 stones (quivered)
Armour
 c - a +0 cloak (worn)
 o - a +1 pair of boots (worn)
 p - a +1 pair of gloves (worn)
 s - a +0 plate armour (worn)
 D - a +1 pair of boots
Jewellery
 r - a +2 ring of evasion (left hand)
 y - a ring of magical power (right hand)
Wands
 m - a wand of acid (9)
Scrolls
 i - 3 scrolls of blinking
 l - 3 scrolls of remove curse
 v - a scroll of identify
Potions
 a - a potion of brilliance
 d - 5 potions of curing
 e - 5 potions of heal wounds
 f - 3 potions of haste
 g - 4 potions of magic
 h - a potion of berserk rage
 k - a potion of invisibility
 q - a potion of resistance
Miscellaneous
 t - a lamp of fire
Comestibles
 j - 14 chunks of flesh
 z - 9 rations


   Skills:
 + Level 13.5 Fighting
 * Level 15.0 Long Blades
 + Level 10.8 Armour
 + Level 7.0 Dodging
 + Level 10.5 Evocations


You had 10 spell levels left.
You didn't know any spells.

Dungeon Overview and Level Annotations

Branches:
Dungeon (1/1)

Altars:
Cheibriados
Dithmenos
Elyvilon
Fedhas
Gozag
Hepliaklqana
Kikubaaqudgha
Makhleb
Nemelex Xobeh
Okawaru
Qazlal
Ru
Sif Muna
Trog
Uskayaw
Vehumet
Wu Jian
Xom
Yredelemnul
Zin
The Shining One
Beogh
Jiyva
Lugonu

Shops:
D [*[[


Innate Abilities, Weirdness & Mutations

You have razor-sharp teeth.
Your natural rate of healing is unusually fast.
When hurt, damage is shared between your health and your magic reserves.
Your bite disrupts and absorbs the magic of your enemies.
Potions cannot restore your health.
You are immune to rotting.


Message History

You feel sick.
You hit the orc knight but do no damage.
Your bite misses the orc knight.
The orc knight is almost dead.
You feel very sick.
The orc knight hits you with a great sword of venom!
You slash the orc knight!
You feel better.
You kill the orc knight!
Trog accepts your kill.
Your Long Blades skill increases to level 15!
Your Dodging skill increases to level 7!
You feel sick.
Your system rejects the healing.
You feel better.
The orc knight hits you with an enchanted long sword!!
* * * LOW HITPOINT WARNING * * *
There is an entrance to Osaistreacw's Antique Armour Emporium here.
Your troll goes berserk!
You are feeling hungry.
The orc knight hits you with an enchanted long sword!!
You die...

▓_▓.▓.▓.▓.▓
▓_▓.▓.▓.▓.▓
▓_▓.▓.▓.▓)▓
▓'▓.▓'▓.▓)▓
▓.▓.▓.▓.▓)▓
▓?▓.▓÷▓.▓)▓
▓|▓.▓.▓.▓T▓
▓)▓.▓.▓.▓.▓
▓.▓.▓.▓.▓@▓
▓.▓.▓.▓.▓o▓
▓.▓.▓.▓.▓o▓
▓.▓.▓.▓.▓.▓
▓=▓.▓.▓.▓∩▓
▓'▓.▓)▓.▓.▓
▓)▓.▓.▓.▓∩▓
▓.▓.▓=▓.▓.▓
▓.▓.▓'▓.▓$▓


You could see an orc knight, an orc warrior and a friendly troll (berserk).

Vanquished Creatures
  A hydra (D)
  6 orc knights (D)
  2 black mambas (D)
  A spiny frog (D)
  3 komodo dragons (D)
  A troll (D)
  2 hippogriffs (D)
  A yak (D)
  A basilisk (D)
  A porcupine (D)
  9 orc warriors (D)
  A black bear (D)
  An ice beast (D)
  A sky beast (D)
  A centaur (D)
  2 crocodiles (D)
  A scorpion (D)
  2 crimson imps (D)
  An orc wizard (D)
  An orc priest (D)
  2 adders (D)
  An ooze (D)
  2 adder skeletons (D)
  6 orcs (D)
  2 bat skeletons (D)
  A goblin (D)
  A hobgoblin (D)
  A bat (D)
  A rat (D)
56 creatures vanquished.

Vanquished Creatures (collateral kills)
  A stone giant (D)
  A dire elephant (D)
  A hydra (D)
  4 orc knights (D)
  7 elephants (D)
  A water moccasin (D)
  6 orc warriors (D)
  A crocodile (D)
  3 orc wizards (D)
  An orc priest (D)
  2 orcs (D)
28 creatures vanquished.

Grand Total: 84 creatures vanquished

Notes
Turn   | Place    | Note
-------+----------+-------------------------------------------
     0 | D        | tsouns the Vine Stalker Berserker began the quest for the Orb.
     0 | D        | Reached XP level 1. HP: 11/11 MP: 2/2
     8 | D        | Reached skill level 3 in Long Blades
     9 | D        | Reached ** piety under Trog
    14 | D        | Reached XP level 2. HP: 16/16 MP: 3/3
    90 | D        | Noticed a centaur
    90 | D        | Noticed a sky beast
    97 | D        | Reached *** piety under Trog
   101 | D        | HP: 1/25 [centaur (2)]
   102 | D        | Killed a centaur
   102 | D        | Reached skill level 5 in Fighting
   102 | D        | Reached skill level 5 in Long Blades
   102 | D        | Reached XP level 3. HP: 2/23 MP: 4/4
   102 | D        | Gained mutation: Your natural rate of healing is unusually fast. [Vine Stalker growth]
   102 | D        | Reached XP level 4. HP: 2/27 MP: 5/5
   106 | D        | HP: 1/40 [sky beast (2)]
   107 | D        | Killed a sky beast
   107 | D        | Reached **** piety under Trog
   107 | D        | Reached skill level 7 in Long Blades
   107 | D        | Reached XP level 5. HP: 1/32 MP: 0/6
   167 | D        | Found a roughly hewn altar of Beogh.
   167 | D        | Found a snail-covered altar of Cheibriados.
   167 | D        | Found a shadowy altar of Dithmenos.
   167 | D        | Found a white marble altar of Elyvilon.
   167 | D        | Found a blossoming altar of Fedhas.
   167 | D        | Found an opulent altar of Gozag.
   168 | D        | Found a hazy altar of Hepliaklqana.
   169 | D        | Found a viscous altar of Jiyva.
   170 | D        | Found an ancient bone altar of Kikubaaqudgha.
   171 | D        | Found a corrupted altar of Lugonu.
   172 | D        | Found a burning altar of Makhleb.
   173 | D        | Found a sparkling altar of Nemelex Xobeh.
   174 | D        | Found an iron altar of Okawaru.
   175 | D        | Found a stormy altar of Qazlal.
   176 | D        | Found a sacrificial altar of Ru.
   177 | D        | Found a deep blue altar of Sif Muna.
   178 | D        | Found a bloodstained altar of Trog.
   179 | D        | Found a hide-covered altar of Uskayaw.
   180 | D        | Found a radiant altar of Vehumet.
   181 | D        | Found an ornate altar of the Wu Jian Council.
   182 | D        | Found a shimmering altar of Xom.
   183 | D        | Found a basalt altar of Yredelemnul.
   184 | D        | Found a glowing silver altar of Zin.
   185 | D        | Found a glowing golden altar of the Shining One.
   248 | D        | Noticed an ice beast
   253 | D        | Reached XP level 6. HP: 37/37 MP: 5/7
   258 | D        | Killed an ice beast
   258 | D        | Reached skill level 8 in Long Blades
   265 | D        | Reached ***** piety under Trog
   305 | D        | Noticed a troll
   305 | D        | Noticed an orc warrior
   306 | D        | Received a gift from Trog
   307 | D        | Reached skill level 9 in Long Blades
   313 | D        | Killed a troll
   313 | D        | Reached skill level 10 in Long Blades
   313 | D        | Reached XP level 7. HP: 40/44 MP: 6/8
   317 | D        | Reached skill level 5 in Dodging
   323 | D        | Received a gift from Trog
   488 | D        | Noticed a black mamba
   488 | D        | Noticed a hippogriff
   488 | D        | Noticed a six-headed hydra
   488 | D        | Noticed a komodo dragon
   491 | D        | Reached skill level 5 in Armour
   491 | D        | Reached skill level 1 in Evocations
   491 | D        | Gained mutation: You have razor-sharp teeth. [Vine Stalker growth]
   491 | D        | Reached XP level 8. HP: 49/49 MP: 9/9
   493 | D        | Killed a hippogriff
   493 | D        | Killed a six-headed hydra
   493 | D        | Reached skill level 10 in Fighting
   493 | D        | Reached skill level 11 in Long Blades
   493 | D        | Reached XP level 9. HP: 46/55 MP: 9/13
   494 | D        | Killed a komodo dragon
   494 | D        | Reached skill level 5 in Evocations
   495 | D        | Killed a black mamba
   495 | D        | Received a gift from Trog
   507 | D        | Noticed an eight-headed hydra
   604 | D        | Killed a nine-headed hydra
   604 | D        | Reached skill level 12 in Long Blades
   638 | D        | Noticed a spiny frog
   638 | D        | Noticed a komodo dragon
   638 | D        | Noticed a komodo dragon
   641 | D        | Killed a spiny frog
   646 | D        | Noticed a black mamba
   646 | D        | Killed a komodo dragon
   646 | D        | Reached XP level 10. HP: 55/61 MP: 11/16
   662 | D        | Killed a black mamba
   662 | D        | Reached ****** piety under Trog
   662 | D        | Received a gift from Trog
   702 | D        | Noticed an elephant
   702 | D        | Noticed an elephant
   702 | D        | Noticed a dire elephant
   702 | D        | Noticed an elephant
   702 | D        | Noticed an elephant
   702 | D        | Noticed an elephant
   709 | D        | Killed a dire elephant
   709 | D        | Reached skill level 13 in Long Blades
   710 | D        | Killed an elephant
   713 | D        | Killed an elephant
   715 | D        | Killed an elephant
   717 | D        | Noticed an elephant
   717 | D        | Killed an elephant
   719 | D        | Killed an elephant
   720 | D        | Noticed an elephant
   721 | D        | Killed an elephant
   724 | D        | Killed an elephant
   853 | D        | Noticed a stone giant
   854 | D        | Received a gift from Trog
   862 | D        | Killed a stone giant
   862 | D        | Reached XP level 11. HP: 37/67 MP: 14/19
   868 | D        | Received a gift from Trog
   870 | D        | Received a gift from Trog
   932 | D        | Noticed an orc knight
   939 | D        | Reached skill level 10 in Armour
   947 | D        | Received a gift from Trog
   949 | D        | Noticed an orc knight
   956 | D        | Killed an orc knight
   956 | D        | Reached skill level 14 in Long Blades
   961 | D        | Killed an orc knight
  1021 | D        | Found Osaistreacw's Antique Armour Emporium.
  1021 | D        | Noticed an orc knight
  1021 | D        | Noticed an orc knight
  1021 | D        | Noticed an orc knight
  1021 | D        | Noticed an orc knight
  1021 | D        | Noticed an orc knight
  1023 | D        | Noticed an orc knight
  1026 | D        | Noticed an orc knight
  1032 | D        | Killed an orc knight
  1032 | D        | Received a gift from Trog
  1032 | D        | Reached skill level 10 in Evocations
  1040 | D        | Killed an orc knight
  1043 | D        | Killed an orc knight
  1051 | D        | Killed an orc knight
  1051 | D        | Killed an orc knight
  1053 | D        | Killed an orc knight
  1054 | D        | Killed an orc knight
  1058 | D        | Found Cukaqext's General Store.
  1068 | D        | Found Yzew's Antique Armour Emporium.
  1072 | D        | Found Hyoronko's Antique Armour Shoppe.
  1075 | D        | Bought a pair of glowing boots for 165 gold pieces
  1085 | D        | Received a gift from Trog
  1086 | D        | Noticed an orc knight
  1094 | D        | Noticed an orc knight
  1102 | D        | Killed an orc knight
  1102 | D        | Reached skill level 15 in Long Blades
  1105 | D        | Mangled by an orc knight

Vault maps used:
D:        linesprint

Skill      XL: |  1  2  3  4  5  6  7  8  9 10 11 |
---------------+----------------------------------+-----
Fighting       | 3 5 6 8 9 10 11 12 13 | 13.5
Long Blades    | 3 5 7 10 11 12 13 15 | 15.0
Dodging        | 3 4 5 7 |  7.0
Armour         | 2 3 4 5 6 8 9 10 | 10.8
Evocations     | 1 4 7 9 10 | 10.5

Action                   |  1- 3 |  4- 6 |  7- 9 | 10-12 || total
-------------------------+-------+-------+-------+-------++-------
Melee: Falchion          |    17 |     4 |       |       ||    21
       Bite              |     6 |    11 |     4 |    38 ||    59
       Scimitar          |       |    22 |    22 |    17 ||    61
       Great sword       |       |       |       |    74 ||    74
Invok: Berserk           |     2 |     2 |     1 |     2 ||     7
       Trog's Hand       |       |     1 |       |       ||     1
       Brothers in Arms  |       |       |     1 |     4 ||     5
Evoke: Wand              |       |       |     1 |       ||     1
       Lamp of fire      |       |       |     1 |       ||     1
  Use: Scroll            |       |       |     4 |     4 ||     8
       Potion            |       |       |       |     1 ||     1
  Eat: Chunk             |       |     1 |     3 |     2 ||     6
       Ration            |       |       |       |     2 ||     2
Armor: Animal skin       |     6 |       |       |       ||     6
       Chain mail        |       |     6 |     1 |       ||     7
       Plate armour      |       |       |     9 |    21 ||    30
Dodge: Dodged            |    10 |    10 |     7 |    16 ||    43
       Rpst.: Falchion   |     3 |       |       |       ||     3
       Scimitar          |       |     3 |       |     2 ||     5
       Great sword       |       |       |       |     2 ||     2

Table legend:
 A = Spawn XP
 B = Non-spawn XP
 C = Spawn XP percentage of total XP
 D = Spawn monster count
 E = Non-spawn monster count
 F = Spawn count percentage of total count
 G = Total turns spent on level
                    A         B        C        D         E        F      G
               +---------+---------+-------+---------+---------+-------+---------
         Total |       0 |   16201 |   0.0 |       0 |      84 |   0.0 |  1105
               +---------+---------+-------+---------+---------+-------+---------
             D |       0 |   16201 |   0.0 |       0 |      84 |   0.0 |  1105
               +---------+---------+-------+---------+---------+-------+---------
